| TOP OF THE 1ST |
|
Baltimore (APP) Orioles batting - Pitching for Bluefield Blue Jays : LHP Jack Osborne
|
|
Pitching: LHP Jack Osborne
|
|
|
Batting: RHB Ruben Domingues
|
0-0: Called Strike 0-1: Ball 1-1: Called Strike 1-2: Foul Ball, location: 2F 1-2: Strikes out looking
|
|
Batting: LHB Xue-liang Zhou
|
0-0: Called Strike 0-1: Ball 1-1: Ground out 3-1 (Groundball, 34, EV 89.4 MPH)
|
|
Batting: SHB Eric Kelley
|
0-0: Foul Ball, location: 2F 0-1: Ball 1-1: Fly out, F9 (Flyball, 89M, EV 86.9 MPH)
|
| Top of the 1st over - 0 runs, 0 hits, 0 errors, 0 left on base; Baltimore (APP) 0 - Bluefield 0 |
| BOTTOM OF THE 1ST |
|
Bluefield Blue Jays batting - Pitching for Baltimore (APP) Orioles : RHP Craig Painter
|
|
Pitching: RHP Craig Painter
|
|
|
Batting: LHB Nate Greening
|
0-0: Foul Ball, location: 2F 0-1: Ball 1-1: Called Strike 1-2: Ball 2-2: Ball 3-2: Strikes out looking
|
|
Batting: RHB Akira Kubo
|
0-0: Called Strike 0-1: Fly out, F9 (Flyball, 89S, EV 93.8 MPH)
|
|
Batting: RHB Mark Noftall
|
0-0: Called Strike 0-1: Foul Ball, location: 2F 0-2: Ball 1-2: Strikes out swinging
|
| Bottom of the 1st over - 0 runs, 0 hits, 0 errors, 0 left on base; Baltimore (APP) 0 - Bluefield 0 |
| TOP OF THE 2ND |
|
Baltimore (APP) Orioles batting - Pitching for Bluefield Blue Jays : LHP Jack Osborne
|
|
Batting: RHB C.J. Wells
|
0-0: Ball 1-0: SINGLE (Groundball, 56D, EV 103.1 MPH)
|
|
Batting: LHB Jeremy Nuzzo
|
0-0: Ball 1-0: Called Strike 1-1: Ball 2-1: Ball Wild Pitch! C.J. Wells to second 3-1: DOUBLE (Line Drive, 89D, EV 101.9 MPH) C.J. Wells scores
|
|
Batting: RHB Dou-wan Pan
|
0-0: Ball 1-0: Ball 2-0: Swinging Strike 2-1: Swinging Strike 2-2: Ball 3-2: Strikes out swinging
|
|
Batting: LHB Edwin Cabral
|
0-0: Ball 1-0: Ball 2-0: Ball 3-0: Base on Balls
|
|
Batting: LHB Ivan Alvarez
|
0-0: Fielders Choice at 2nd, 4-6 (Groundball, 4, EV 83.8 MPH) Jeremy Nuzzo to third
|
|
Batting: RHB Imbart van Rens
|
0-0: Called Strike 0-1: Foul Ball, location: 2F 0-2: Foul Ball, location: 2F 0-2: Ball 1-2: Strikes out swinging
|
| Top of the 2nd over - 1 run, 2 hits, 0 errors, 2 left on base; Baltimore (APP) 1 - Bluefield 0 |
| BOTTOM OF THE 2ND |
|
Bluefield Blue Jays batting - Pitching for Baltimore (APP) Orioles : RHP Craig Painter
|
|
Batting: RHB Terry Plumley
|
0-0: Ball 1-0: Ball 2-0: Ball 3-0: Base on Balls
|
|
Batting: RHB John Rios
|
0-0: Ball 1-0: Ball 2-0: Ball 3-0: Base on Balls Terry Plumley to second
|
|
Batting: RHB Jorge Cruz
|
0-0: Swinging Strike 0-1: Ball 1-1: Foul Ball, location: 2F 1-2: Strikes out looking
|
|
Batting: RHB Manny Elizondo
|
0-0: Ball 1-0: Ball 2-0: Called Strike 2-1: Foul Ball, location: 2F 2-2: Strikes out swinging
|
|
Batting: RHB Jorge Alva
|
0-0: Called Strike 0-1: Swinging Strike 0-2: Ball 1-2: Strikes out swinging
|
| Bottom of the 2nd over - 0 runs, 0 hits, 0 errors, 2 left on base; Baltimore (APP) 1 - Bluefield 0 |
| TOP OF THE 3RD |
|
Baltimore (APP) Orioles batting - Pitching for Bluefield Blue Jays : LHP Jack Osborne
|
|
Batting: RHB Ruben Domingues
|
0-0: Called Strike 0-1: Fly out, F9 (Flyball, 89S, EV 85.6 MPH)
|
|
Batting: LHB Xue-liang Zhou
|
0-0: Called Strike 0-1: Ball 1-1: Ball 2-1: Ground out 3-1 (Groundball, 3D, EV 98.8 MPH)
|
|
Batting: SHB Eric Kelley
|
0-0: Ball 1-0: Called Strike 1-1: Ball 2-1: Foul Ball, location: 2F 2-2: SINGLE (Flyball, 8LS, EV 96.2 MPH)
|
|
Batting: RHB C.J. Wells
|
0-0: Called Strike 0-1: Ball 1-1: Called Strike 1-2: Ball 2-2: Foul Ball, location: 2F 2-2: Foul Ball, location: 2F 2-2: Foul Ball, location: 2F 2-2: Foul Ball, location: 2F 2-2: TRIPLE (Flyball, 8LXD, EV 93.1 MPH) Eric Kelley scores
|
|
Batting: LHB Jeremy Nuzzo
|
0-0: Ball 1-0: Ground out 4-3 (Groundball, 4S, EV 87.5 MPH)
|
| Top of the 3rd over - 1 run, 2 hits, 0 errors, 1 left on base; Baltimore (APP) 2 - Bluefield 0 |
| BOTTOM OF THE 3RD |
|
Bluefield Blue Jays batting - Pitching for Baltimore (APP) Orioles : RHP Craig Painter
|
|
Batting: RHB Benedikt Fleischmann
|
0-0: Ball 1-0: Ball 2-0: Called Strike 2-1: Ball 3-1: Called Strike 3-2: Foul Ball, location: 2F 3-2: Base on Balls
|
|
Batting: LHB Nate Greening
|
0-0: Called Strike 0-1: Ball 1-1: Ball 2-1: Ball 3-1: Base on Balls Benedikt Fleischmann to second
|
|
Batting: RHB Akira Kubo
|
0-0: Hit by Pitch Benedikt Fleischmann to third Nate Greening to second
|
|
Batting: RHB Mark Noftall
|
0-0: Ball 1-0: Foul Ball, location: 2F 1-1: Ball 2-1: Swinging Strike 2-2: Ball 3-2: Fly out, F7 (Line Drive, 78M, EV 105.6 MPH)
|
|
Batting: RHB Terry Plumley
|
0-0: Ball 1-0: Swinging Strike 1-1: TRIPLE (Flyball, 7D, EV 101.9 MPH) Benedikt Fleischmann scores Nate Greening scores Akira Kubo scores
|
|
Batting: RHB John Rios
|
0-0: Ball 1-0: Ball 2-0: Ball 3-0: Base on Balls
|
|
Batting: RHB Jorge Cruz
|
0-0: Ball 1-0: Foul Ball, location: 2F 1-1: Fly out, F7 (Line Drive, 7, EV 91.9 MPH)
|
|
Batting: RHB Manny Elizondo
|
0-0: Called Strike 0-1: Swinging Strike 0-2: Ball 1-2: Strikes out swinging
|
| Bottom of the 3rd over - 3 runs, 1 hit, 0 errors, 2 left on base; Baltimore (APP) 2 - Bluefield 3 |
| TOP OF THE 4TH |
|
Baltimore (APP) Orioles batting - Pitching for Bluefield Blue Jays : LHP Jack Osborne
|
|
Batting: RHB Dou-wan Pan
|
0-0: Ball 1-0: Ground out 6-3 (Groundball, 6, EV 97.5 MPH)
|
|
Batting: LHB Edwin Cabral
|
0-0: Called Strike 0-1: Ball 1-1: Ball 2-1: Ball 3-1: Base on Balls
|
|
Batting: LHB Ivan Alvarez
|
0-0: Ball 1-0: Fielders Choice at 2nd, 4-6 (Groundball, 34, EV 105.0 MPH)
|
|
Batting: RHB Imbart van Rens
|
0-0: Ball 1-0: Swinging Strike 1-1: Called Strike 1-2: Ball 2-2: Strikes out swinging
|
| Top of the 4th over - 0 runs, 0 hits, 0 errors, 1 left on base; Baltimore (APP) 2 - Bluefield 3 |
| BOTTOM OF THE 4TH |
|
Bluefield Blue Jays batting - Pitching for Baltimore (APP) Orioles : RHP Craig Painter
|
|
Batting: RHB Jorge Alva
|
0-0: Foul Ball, location: 2F 0-1: Swinging Strike 0-2: Strikes out swinging
|
|
Batting: RHB Benedikt Fleischmann
|
0-0: Ball 1-0: Ball 2-0: Called Strike 2-1: Ground out 5-3 (Groundball, 25, EV 78.8 MPH)
|
|
Batting: LHB Nate Greening
|
0-0: Ball 1-0: Ball 2-0: Ball 3-0: Base on Balls
|
|
Batting: RHB Akira Kubo
|
0-0: Ball Nate Greening is caught stealing 2nd base 2-4
|
| Bottom of the 4th over - 0 runs, 0 hits, 0 errors, 0 left on base; Baltimore (APP) 2 - Bluefield 3 |
| TOP OF THE 5TH |
|
Baltimore (APP) Orioles batting - Pitching for Bluefield Blue Jays : LHP Jack Osborne
|
|
Batting: RHB Ruben Domingues
|
0-0: Ball 1-0: Ball 2-0: Ball 3-0: Base on Balls
|
|
Batting: LHB Xue-liang Zhou
|
0-0: Foul Ball, location: 2F 0-1: DOUBLE (Line Drive, 78M, EV 93.1 MPH) Ruben Domingues to third
|
|
Batting: SHB Eric Kelley
|
0-0: Called Strike 0-1: Ball 1-1: Foul Ball, location: 2F 1-2: Ball 2-2: Strikes out swinging
|
|
Batting: RHB C.J. Wells
|
0-0: Foul Ball, location: 2F 0-1: Foul Ball, location: 2F 0-2: Ball 1-2: SINGLE (Flyball, 56D, EV 84.4 MPH) Ruben Domingues scores Xue-liang Zhou to third
|
|
Batting: LHB Jeremy Nuzzo
|
0-0: Ball 1-0: Ball 2-0: Ball 3-0: Called Strike 3-1: Called Strike 3-2: Base on Balls C.J. Wells to second
|
|
Batting: RHB Dou-wan Pan
|
0-0: SINGLE (Groundball, 56D, EV 104.4 MPH) Xue-liang Zhou scores C.J. Wells to third Jeremy Nuzzo to second Runner from 3rd tries for Home, SAFE, throw by LF to home
|
|
Pitching: RHP Jason Hanson
|
|
|
Batting: LHB Edwin Cabral
|
0-0: Fielders Choice at 2nd, 3-6 (Groundball, 34S, EV 89.4 MPH) Jeremy Nuzzo to third
|
|
Batting: LHB Ivan Alvarez
|
0-0: Called Strike 0-1: Swinging Strike 0-2: Ball 1-2: Foul Ball, location: 2F 1-2: Ball 2-2: Foul Ball, location: 2F 2-2: Strikes out swinging
|
| Top of the 5th over - 3 runs, 3 hits, 0 errors, 2 left on base; Baltimore (APP) 5 - Bluefield 3 |
| BOTTOM OF THE 5TH |
|
Bluefield Blue Jays batting - Pitching for Baltimore (APP) Orioles : RHP Craig Painter
|
|
Batting: RHB Akira Kubo
|
0-0: Foul Ball, location: 2F 0-1: Ball 1-1: Ball 2-1: Ball 3-1: Foul Ball, location: 2F 3-2: Foul Ball, location: 2F 3-2: TRIPLE (Flyball, 8RXD, EV 98.1 MPH)
|
|
Batting: RHB Mark Noftall
|
0-0: Called Strike 0-1: Called Strike Balk! Akira Kubo scores 0-2: Strikes out swinging
|
|
Batting: RHB Terry Plumley
|
0-0: Foul Ball, location: 2F 0-1: Ball 1-1: Foul Ball, location: 2F 1-2: SINGLE (Groundball, 56D, EV 97.5 MPH)
|
|
Pitching: LHP Sueo Iba
|
|
|
Batting: RHB John Rios
|
0-0: Ball Wild Pitch! Terry Plumley to second 1-0: Ball 2-0: Called Strike Balk! Terry Plumley to third 2-1: Foul Ball, location: 2F 2-2: Fly out, F8 (Flyball, 8LM, EV 81.9 MPH)
|
|
Batting: RHB Jorge Cruz
|
0-0: Ball 1-0: Foul Ball, location: 2F 1-1: Called Strike 1-2: SINGLE (Line Drive, 56D, EV 98.1 MPH) Terry Plumley scores
|
|
Batting: RHB Manny Elizondo
|
0-0: Ball 1-0: Ball 2-0: Called Strike 2-1: Ball 3-1: Base on Balls Jorge Cruz to second
|
|
Batting: RHB Jorge Alva
|
0-0: Ball 1-0: Swinging Strike 1-1: Swinging Strike 1-2: Foul Ball, location: 2F 1-2: Ball 2-2: Strikes out swinging
|
| Bottom of the 5th over - 2 runs, 3 hits, 0 errors, 2 left on base; Baltimore (APP) 5 - Bluefield 5 |
| TOP OF THE 6TH |
|
Baltimore (APP) Orioles batting - Pitching for Bluefield Blue Jays : RHP Jason Hanson
|
|
Batting: RHB Imbart van Rens
|
0-0: Foul Ball, location: 2F 0-1: Ball 1-1: Ball 2-1: Swinging Strike 2-2: Strikes out looking
|
|
Batting: RHB Ruben Domingues
|
0-0: Swinging Strike 0-1: Foul Ball, location: 2F 0-2: Strikes out swinging
|
|
Batting: LHB Xue-liang Zhou
|
0-0: Ball 1-0: Ball 2-0: Ball 3-0: Called Strike 3-1: Called Strike 3-2: Foul Ball, location: 2F 3-2: Ground out 4-3 (Groundball, 4, EV 81.9 MPH)
|
| Top of the 6th over - 0 runs, 0 hits, 0 errors, 0 left on base; Baltimore (APP) 5 - Bluefield 5 |
| BOTTOM OF THE 6TH |
|
Bluefield Blue Jays batting - Pitching for Baltimore (APP) Orioles : LHP Sueo Iba
|
|
Batting: RHB Benedikt Fleischmann
|
0-0: Ball 1-0: Swinging Strike 1-1: Foul Ball, location: 2F 1-2: SINGLE (Groundball, 6MD, EV 100.6 MPH)
|
|
Pinch Hitting: SHB Kevin Watson
|
0-0: Foul Ball, location: 2F 0-1: Called Strike Benedikt Fleischmann is caught stealing 2nd base 2-4 0-2: Foul Ball, location: 2F 0-2: Ball 1-2: Ground out 6-3 (Groundball, 56, EV 91.2 MPH)
|
|
Batting: RHB Akira Kubo
|
0-0: Called Strike 0-1: Swinging Strike 0-2: Ground out 5-3 (Groundball, 5, EV 97.5 MPH)
|
| Bottom of the 6th over - 0 runs, 1 hit, 0 errors, 0 left on base; Baltimore (APP) 5 - Bluefield 5 |
| TOP OF THE 7TH |
|
Baltimore (APP) Orioles batting - Pitching for Bluefield Blue Jays : RHP Jason Hanson
|
|
Now at 1B: Terry Plumley
|
|
|
Now at 2B: Akira Kubo
|
|
|
Now at 3B: Kevin Watson
|
|
|
Now at SS: Jorge Cruz
|
|
|
Batting: SHB Eric Kelley
|
0-0: Ball 1-0: Ball 2-0: Ball 3-0: Base on Balls
|
|
Batting: RHB C.J. Wells
|
0-0: Ball 1-0: Foul Ball, location: 2F 1-1: Called Strike Eric Kelley is caught stealing 2nd base 2-4 1-2: Ground out 5-3 (Groundball, 56S, EV 87.5 MPH)
|
|
Pitching: LHP William Capuano
|
|
|
Batting: LHB Jeremy Nuzzo
|
0-0: Ball 1-0: Foul Ball, location: 2F 1-1: Foul Ball, location: 2F 1-2: Foul Ball, location: 2F 1-2: Strikes out swinging
|
| Top of the 7th over - 0 runs, 0 hits, 0 errors, 0 left on base; Baltimore (APP) 5 - Bluefield 5 |
| BOTTOM OF THE 7TH |
|
Bluefield Blue Jays batting - Pitching for Baltimore (APP) Orioles : LHP Sueo Iba
|
|
Batting: RHB Mark Noftall
|
0-0: Ball 1-0: Ground out 5-3 (Groundball, 56, EV 103.1 MPH)
|
|
Batting: RHB Terry Plumley
|
0-0: Ball 1-0: Ball 2-0: Called Strike 2-1: Foul Ball, location: 2F 2-2: Ball 3-2: SINGLE (Groundball, 56D, EV 98.8 MPH)
|
|
Batting: RHB John Rios
|
0-0: Ball 1-0: Ball 2-0: Called Strike 2-1: Called Strike 2-2: Ball 3-2: Strikes out swinging
|
|
Pitching: RHP Zhao-jun Zong
|
|
|
Pinch Hitting: LHB Lothar Middelkoop
|
0-0: Ball 1-0: Foul Ball, location: 2F 1-1: Called Strike 1-2: Reaches on Catchers interference Terry Plumley to second
|
|
Pinch Runner at 2nd Pete Duncan:
|
|
|
Batting: RHB Manny Elizondo
|
0-0: Ball Wild Pitch! Pete Duncan to third Lothar Middelkoop to second 1-0: Foul Ball, location: 2F 1-1: Called Strike 1-2: Foul Ball, location: 2F 1-2: Ball 2-2: Strikes out swinging
|
| Bottom of the 7th over - 0 runs, 1 hit, 1 error, 2 left on base; Baltimore (APP) 5 - Bluefield 5 |
| TOP OF THE 8TH |
|
Baltimore (APP) Orioles batting - Pitching for Bluefield Blue Jays : LHP William Capuano
|
|
Now at 1B: Mike Chamberlain
|
|
|
Now at 3B: Pete Duncan
|
|
|
Now at SS: Kevin Watson
|
|
|
Batting: RHB Dou-wan Pan
|
0-0: Ball 1-0: Ball 2-0: Ground out 6-3 (Groundball, 56, EV 85.6 MPH)
|
|
Pinch Hitting: RHB Minoru Matsumoto
|
0-0: Ball 1-0: Called Strike 1-1: Swinging Strike 1-2: Strikes out swinging
|
|
Pinch Hitting: RHB Juan Eyrich
|
0-0: Swinging Strike 0-1: Ball 1-1: Called Strike 1-2: Strikes out swinging
|
| Top of the 8th over - 0 runs, 0 hits, 0 errors, 0 left on base; Baltimore (APP) 5 - Bluefield 5 |
| BOTTOM OF THE 8TH |
|
Bluefield Blue Jays batting - Pitching for Baltimore (APP) Orioles : RHP Zhao-jun Zong
|
|
Now at C: Juan Eyrich
|
|
|
Now at 2B: Imbart van Rens
|
|
|
Now at SS: Javier Brizuela
|
|
|
Pinch Hitting: LHB Ron de Vos
|
0-0: Foul Ball, location: 2F 0-1: Ball 1-1: Hit by Pitch
|
|
Batting: RHB Benedikt Fleischmann
|
0-0: Bunted foul 0-1: Ball 1-1: Sac Bunt to 13 - play at first, batter OUT! 1-3 Ron de Vos to second
|
|
Batting: SHB Kevin Watson
|
0-0: Ground out 4-3 (Groundball, 13, EV 77.5 MPH) Ron de Vos to third
|
|
Batting: RHB Akira Kubo
|
0-0: Ball 1-0: Ball 2-0: Called Strike 2-1: Ball 3-1: Called Strike 3-2: Fly out, F3 (Popup, 34S, EV 70.6 MPH)
|
| Bottom of the 8th over - 0 runs, 0 hits, 0 errors, 1 left on base; Baltimore (APP) 5 - Bluefield 5 |
| TOP OF THE 9TH |
|
Baltimore (APP) Orioles batting - Pitching for Bluefield Blue Jays : LHP William Capuano
|
|
Now in CF: Ron de Vos
|
|
|
Pinch Hitting: LHB Chris Cohen
|
0-0: Swinging Strike 0-1: Foul Ball, location: 2F 0-2: Ball 1-2: Ball 2-2: DOUBLE (Flyball, 7LD, EV 98.8 MPH)
|
|
Batting: RHB Ruben Domingues
|
0-0: Ball 1-0: Called Strike 1-1: Ball 2-1: Foul Ball, location: 2F 2-2: Foul Ball, location: 2F 2-2: Strikes out swinging
|
|
Batting: LHB Xue-liang Zhou
|
0-0: Ball 1-0: Called Strike 1-1: Ground out 5-3 (Groundball, 5, EV 88.1 MPH)
|
|
Batting: SHB Eric Kelley
|
0-0: Intentional Walk
|
|
Batting: RHB C.J. Wells
|
0-0: Ball 1-0: Foul Ball, location: 2F 1-1: Called Strike 1-2: Strikes out swinging
|
| Top of the 9th over - 0 runs, 1 hit, 0 errors, 2 left on base; Baltimore (APP) 5 - Bluefield 5 |
| BOTTOM OF THE 9TH |
|
Bluefield Blue Jays batting - Pitching for Baltimore (APP) Orioles : RHP Zhao-jun Zong
|
|
Now at 2B: Dou-wan Pan
|
|
|
Now at 3B: Chris Cohen
|
|
|
Batting: RHB Mark Noftall
|
0-0: Swinging Strike 0-1: Foul Ball, location: 2F 0-2: SINGLE (Line Drive, 7S, EV 98.1 MPH)
|
|
Batting: RHB Pete Duncan
|
0-0: Swinging Strike 0-1: Ball 1-1: SINGLE (Groundball, 34S, EV 86.2 MPH) (infield hit) Mark Noftall to second
|
|
Batting: RHB John Rios
|
0-0: Ball 1-0: Swinging Strike 1-1: Foul Ball, location: 2F 1-2: Ball 2-2: Fly out, F8 (Flyball, 8LD, EV 108.8 MPH)
|
|
Batting: RHB Mike Chamberlain
|
0-0: Ball 1-0: Called Strike 1-1: Ball 2-1: SINGLE (Flyball, 89S, EV 90.0 MPH) Mark Noftall to third Pete Duncan to second Runner from 3rd tries for Home, SAFE, throw by RF to home
|
| Bottom of the 9th over - 1 run, 3 hits, 0 errors, 2 left on base; Baltimore (APP) 5 - Bluefield 6 |
|